 Dungeon Crawl Stone Soup version 0.30-a0-1082-g70414cbcbb (webtiles) character file.

Game seed: 15834865952553131082

630 BubbleThief the Chopper (level 7, 0/66 HPs)
             Began as a Hill Orc Fighter on Apr 15, 2023.
             Killed by divine providence
             ... invoked by an orc priest
              (13 damage)
             ... on level 4 of the Dungeon on Apr 16, 2023.
             The game lasted 00:04:49 (2806 turns).

BubbleThief the Chopper (Hill Orc Fighter)          Turns: 2806, Time: 00:04:50

Health: 0/66       AC: 16    Str: 24    XL:     7   Next: 48%
Magic:  7/7        EV:  8    Int:  8    God:
Gold:   196        SH:  5    Dex: 16    Spells: 6/6 levels left

rFire   + . .      SeeInvis .    a - +0 war axe
rCold   + . .      Faith    .    c - +0 buckler
rNeg    . . .      Spirit   .    d - +2 chain mail {rF+}
rPois   .          Reflect  .    n - +1 helmet of Juyfer {Str+3}
rElec   .          Rampage  .    r - +0 cloak
rCorr   .                        p - +0 pair of gloves
Will    .....                    y - +0 pair of boots Stlth
                                 (no amulet)
HPRegen 0.31/turn                g - +6 ring of dexterity
MPRegen 0.10/turn                s - ring of protection from cold

@: studying Ranged Weapons
A: no striking features
a: Convert to Beogh


You were on level 4 of the Dungeon.
You visited 1 branch of the dungeon, and saw 4 of its levels.

You collected 196 gold pieces.

Inventory:

Hand Weapons
 a - a +0 war axe (weapon)
Missiles
 k - 7 poisoned darts (quivered)
Armour
 c - a +0 buckler (worn)
 d - a +2 chain mail of fire resistance (worn)
 n - the +1 helmet of Juyfer (worn) {Str+3}
   (You found it on level 3 of the Dungeon)

   Str:       It affects your strength (+3).
 p - a +0 pair of gloves (worn)
 r - a +0 cloak (worn)
 y - a +0 pair of boots (worn)
Jewellery
 g - a +6 ring of dexterity (left hand)
 j - a ring of fire
 s - a ring of protection from cold (right hand)
Scrolls
 b - a scroll of immolation {unknown}
 f - 4 scrolls of identify {unknown}
 h - a scroll of enchant weapon {unknown}
 q - a scroll of enchant armour {unknown}
 t - a scroll of vulnerability {unknown}
 v - 2 scrolls of teleportation {unknown}
 x - a scroll of poison {unknown}
 A - a scroll of blinking {unknown}
Potions
 e - 4 potions of curing {unknown}
 i - a potion of lignification {unknown}
 l - a potion of magic {unknown}
 m - 4 potions of heal wounds
 o - a potion of cancellation {unknown}
 u - 3 potions of attraction {unknown}
 w - a potion of degeneration {unknown}
 z - a potion of invisibility {unknown}


   Skills:
 + Level 7.6 Fighting
 + Level 7.7 Axes
 - Level 3.2 Armour
 - Level 3.2 Shields


You had 6 spell levels left.
You didn't know any spells.
Your spell library contained the following spells:

 Spells                   Type           Power      Damage    Failure   Level
 Freeze                   Ice            0%         1d3       97%         1
 Blink                    Tloc           0%         N/A       99%         2
 Lesser Beckoning         Tloc           0%         N/A       99%         2
 Momentum Strike          Conj/Tloc      0%         3d8       99%         2
 Frozen Ramparts          Ice            0%         1d1       100%        3
 Gell's Gravitas          Tloc           0%         N/A       100%        3
 Hailstorm                Conj/Ice       0%         3d3       100%        3
 Teleport Other           Tloc           0%         N/A       100%        3
 Petrify                  Tmut/Erth      0%         N/A       100%        4
 Metabolic Englaciation   Hex/Ice        0%         N/A       100%        5
 Statue Form              Tmut/Erth      0%         N/A       100%        6


Dungeon Overview and Level Annotations

Branches:
Dungeon (4/15)
 Temple: D:4-7

Altars:


Message History

You barely miss the orc priest. Dowan hits you but does no damage. x2
The orc priest barely misses you.
Unknown command.
You completely miss Dowan.
Dowan is almost dead.
The orc priest shouts, "Join the one true god or die!"
You slash the orc priest!
Dowan points at you and mumbles some strange words.
The stone arrow hits you!
* * * LOW HITPOINT WARNING * * *
The orc priest hits you with a +0 whip.
* * * LOW HITPOINT WARNING * * *
Dowan hits you but does no damage.
The orc priest hits you but does no damage.
You hear a shout!
You hit Dowan but do no damage.
Dowan is almost dead.
You hit the orc priest but do no damage.
Dowan misses you. Dowan hits you but does no damage.
The orc priest hits you but does no damage.
Unknown command.
You hit Dowan.
Dowan is almost dead.
You barely miss the orc priest. Dowan hits you but does no damage.
Dowan casts a spell at you.
The stone arrow hits you but does no damage.
The orc priest hits you with a +0 whip.
* * * LOW HITPOINT WARNING * * *
An orc comes into view. It is wielding a +0 dagger.
You hit Dowan.
You kill Dowan!
You closely miss the orc priest.
The orc priest hits you but does no damage.
The orc throws a boomerang.
You block the boomerang.
Unknown command.
You closely miss the orc priest.
The orc priest is severely wounded.
The orc priest invokes the aid of Beogh against you.
Beogh smites you!
You die...

.###.# .# ..# #.# ..##.# ..
#.# #.# ...#.#.# .##.# #+#
.......# ..!###
##.#####+##### #....# ###.
.............#. #....#.....
.......<..##.#.##.$........
..........##.#..))o.)#
..).......##.###@#.###
.>........##...o.#†#
........(.##...###..
..........#.......o..
..........#..........#
........>.#..........#
..........#.......o..#
..........#..........#
..........#..........


You could see an orc priest and an orc.

Vanquished Creatures
  Grinder (D:3)
  Duvessa (D:4)
  A scorpion (D:2)
  Dowan (D:4)
  Natasha (thrice) (D:3)
  3 gnolls (D:2)
  4 adders
  A white imp (D:4)
  A worm (D:3)
  4 orcs (D:4)
  8 bats
  6 endoplasms
  6 giant cockroaches
  2 goblins
  14 hobgoblins
  2 jackals (D:1)
  6 quokkas
  7 ball pythons
  4 frilled lizards
  7 kobolds
  4 rats
86 creatures vanquished.

Notes
Turn   | Place    | Note
-------+----------+-------------------------------------------
     0 | D:1      | BubbleThief the Hill Orc Fighter began the quest for the
                  | Orb.
     0 | D:1      | Reached XP level 1. HP: 19/19 MP: 1/1
    88 | D:1      | Reached XP level 2. HP: 23/27 MP: 2/2
   454 | D:1      | Reached XP level 3. HP: 34/34 MP: 3/3
   785 | D:2      | You fall into a shaft and drop 1 floor!
   854 | D:3      | Noticed Natasha
   864 | D:3      | Killed Natasha
   865 | D:3      | Reached skill level 5 in Fighting
   865 | D:3      | Reached XP level 4. HP: 9/42 MP: 4/4
   965 | D:3      | Noticed Natasha
   990 | D:3      | Killed Natasha
  1031 | D:3      | Identified the +1 helmet of Juyfer {Str+3}
  1039 | D:3      | Noticed Natasha
  1047 | D:3      | Killed Natasha
  1048 | D:3      | Reached skill level 5 in Axes
  1048 | D:3      | Reached XP level 5. HP: 37/48 MP: 5/5
  1120 | D:3      | Noticed Grinder
  1134 | D:3      | Killed Grinder
  1135 | D:3      | Reached XP level 6. HP: 37/58 MP: 6/6
  1975 | D:2      | Reached XP level 7. HP: 66/66 MP: 7/7
  2772 | D:4      | Noticed Duvessa
  2790 | D:4      | Killed Duvessa
  2792 | D:4      | Noticed Dowan
  2805 | D:4      | Killed Dowan
  2806 | D:4      | Killed from afar by an orc priest

Illustrated notes

Levels and vault maps discovered:
D:1:      dpeg_arrival_pits, layout_loops_ring, minivault_4,
          wander_ebering_terrifying_dragon_lair
D:2:      layout_loops_cross, chequers_serial_rivers_micro_e
D:3:      layout_rooms, minmay_surrounded, uniq_natasha, uniq_grinder
D:4:      layout_basic, uniq_duvessa

Skill      XL: |  1  2  3  4  5  6 |
---------------+-------------------+-----
Axes           | 3 4 5 6 7 |  7.7
Fighting       | 4 5 6 7 |  7.6
Armour         | |  3.2
Shields        | |  3.2

Action                     |  1- 3 |  4- 6 |  7- 9 || total
---------------------------+-------+-------+-------++-------
  Melee: War axe           |    83 |    97 |    69 ||   249
    Use: Potion            |       |     1 |       ||     1
 Armour: Scale mail        |    25 |     6 |       ||    31
         Chain mail        |       |    55 |    39 ||    94
  Dodge: Dodged            |    34 |    35 |    28 ||    97
  Block: Buckler           |    24 |    19 |    17 ||    60

Table legend: (Time is in decaauts)
 A = Elapsed time spent in this place.
 B = Non-inter-level travel time spent in this place.
 C = Inter-level travel time spent in this place.
 D = Time resting spent in this place.
 E = Time spent auto-exploring this place.
 F = Levels seen in this place.
 G = Mean time per level.
                   A        B        C        D        E       F      G
               +--------+--------+--------+--------+--------+-----+--------+
         Total |   2880 |   2776 |    104 |    120 |   2012 |   4 |  720.0 |
       Dungeon |   2880 |   2776 |    104 |    120 |   2012 |   4 |  720.0 |
               +--------+--------+--------+--------+--------+-----+--------+

Top non-repeatable levels by time:
     D:3: 840 daAuts
     D:1: 810 daAuts
     D:2: 738 daAuts
     D:4: 491 daAuts
